 Dungeon Crawl Stone Soup version 0.30-a0-881-g1ff12e1e11 (webtiles) character file.

Game seed: 938071872983191241

5244 bande the Cleaver (level 10, -1/64 HPs)
             Began as a Gargoyle Fighter on Mar 14, 2023.
             Slain by a komodo dragon (14 damage)
             ... on level 9 of the Dungeon.
             The game lasted 00:11:42 (9050 turns).

bande the Cleaver (Gargoyle Fighter)                Turns: 9050, Time: 00:11:42

Health: -1/64      AC: 19    Str: 26    XL:     10   Next: 62%
Magic:  10/10      EV:  8    Int:  9    God:
Gold:   365        SH:  6    Dex: 13    Spells: 7/9 levels left

rFire   . . .      SeeInvis +    p - +2 war axe (venom)
rCold   + . .      Faith    .    c - +1 buckler
rNeg    + . .      Spirit   .    x - +0 chain mail
rPois   ∞          Reflect  .    (no helmet)
rElec   +          Rampage  .    (no cloak)
rCorr   .                        (no gloves)
Will    .....                    q - +0 pair of boots of a wizard's laboratory {rC+} Stlth
                                 (no amulet)
HPRegen 0.30/turn                u - +6 ring of strength
MPRegen 0.12/turn                l - ring of see invisible

@: no status effects
A: sickness immunity, AC +7, negative energy resistance 1, electricity
resistance, torment resistance 1, petrification resistance
a: no special abilities


You were on level 9 of the Dungeon.
You visited 2 branches of the dungeon, and saw 10 of its levels.

You collected 536 gold pieces.
You spent 171 gold pieces at shops.

Inventory:

Hand Weapons
 a - a +1 war axe
 d - a +0 morningstar
 p - a +2 war axe of venom (weapon)
Missiles
 y - a throwing net (quivered)
Armour
 c - a +1 buckler (worn)
 q - the +0 pair of boots of a wizard's laboratory (worn) {rC+}
   (You bought it in a shop on level 3 of the Dungeon)

   rC:        It protects you from cold.
 x - a +0 chain mail (worn)
Jewellery
 l - a ring of see invisible (right hand)
 s - a ring of protection from cold
 u - a +6 ring of strength (left hand)
Wands
 b - a wand of paralysis (10)
 A - a wand of polymorph (11)
Scrolls
 g - a scroll of vulnerability
 h - a scroll of blinking
 i - 2 scrolls of poison
 j - 3 scrolls of identify
 k - a scroll of silence
 m - 3 scrolls of magic mapping
 r - a scroll of amnesia
 t - a scroll of teleportation
 z - a scroll of enchant weapon
 C - a scroll of enchant armour
Potions
 e - a potion of mutation
 f - 6 potions of curing
 n - 5 potions of heal wounds
 o - a potion of berserk rage
 w - a potion of ambrosia
 B - a potion of cancellation


   Skills:
 + Level 7.8 Fighting
 + Level 10.3 Axes
 + Level 8.7 Armour
 + Level 6.1 Shields


You had 7 spell levels left.
You knew the following spells:

 Your Spells              Type           Power      Damage    Failure   Level
a - Blink                 Tloc           0%         N/A       98%         2

Your spell library contained the following spells:

 Spells                   Type           Power      Damage    Failure   Level
 Apportation              Tloc           0%         N/A       95%         1
 Necrotise                Necr           0%         1d4       95%         1
 Summon Small Mammal      Summ           0%         N/A       95%         1
 Cause Fear               Hex            0%         N/A       100%        4
 Manifold Assault         Tloc           0%         N/A       100%        4
 Dragon Form              Tmut           0%         N/A       100%        7
 Storm Form               Tmut/Air       0%         N/A       100%        7
 Dragon's Call            Summ           0%         N/A       100%        9


Dungeon Overview and Level Annotations

Branches:
Dungeon (9/15)             Temple (1/1) D:6            Lair (0/5) D:9
    Orc: D:9-12

Altars:
Ashenzari
Cheibriados
Dithmenos
Fedhas
Gozag
Hepliaklqana
Kikubaaqudgha
Makhleb
Nemelex Xobeh
Qazlal
Ru
Sif Muna
Trog
Uskayaw
Vehumet
Wu Jian
Xom
Yredelemnul
Zin
The Shining One

Shops:
D:2 (   D:3 *   D:4 [

Annotations:
D:8 1 runed translucent door


Innate Abilities, Weirdness & Mutations

You are immune to sickness and miasma.
Your stone body is resilient. (AC +7)
You are immune to poison.
You resist negative energy. (rN+)
You are resistant to electric shocks. (rElec)
You are resistant to unholy torment.
You are immune to petrification.


Message History

Your butterfly disappears in a burst of colours!
You open the door.
There is an open door here.
You open the door.
There is an open door here.
Found a staircase to the Lair.
The komodo dragon bites the plant.
The plant begins to die.
The komodo dragon bites the plant!
The plant begins to die.
The komodo dragon bites the plant!!
The plant begins to die.
The komodo dragon bites the plant!
A nearby plant withers and dies. x2
A komodo dragon is nearby!
A nearby plant withers and dies.
The komodo dragon closely misses you.
You barely miss the komodo dragon. The komodo dragon barely misses you.
You closely miss the komodo dragon. The komodo dragon bites you!
You hit the komodo dragon but do no damage.
The komodo dragon is poisoned.
The komodo dragon bites you.
You hit the komodo dragon but do no damage.
The komodo dragon is lightly wounded.
The komodo dragon bites you!
You are too injured to fight recklessly!
You are too injured to fight recklessly!
You are too injured to fight recklessly!
You are too injured to fight recklessly!
You are too injured to fight recklessly!
You are too injured to fight recklessly!
You are too injured to fight recklessly!
You barely miss the komodo dragon.
The komodo dragon is lightly wounded.
The komodo dragon bites you!!
* * * LOW HITPOINT WARNING * * *
You hit the komodo dragon but do no damage.
The komodo dragon looks as sick as possible!
The komodo dragon is lightly wounded.
The komodo dragon bites you but does no damage.
You hit the komodo dragon but do no damage.
The komodo dragon is lightly wounded.
The komodo dragon bites you!
You die... ##PPPPPPPPP##

#PP..PPPPPPP#########.
#PP.>.PPPPPP.......^..
#PPP...PPP............
#PPP.P.P..............
#P..PP......#.........
#.....P...##..#######
###..l..####..#.....#
#####@........#.....#
#.............#.....#
#.............#.....#
#.............'.....#
#.............#.....#
#.............##....#
#....###########....#
##+###..............#
#..................#


You could see a komodo dragon (extremely poisoned).

Vanquished Creatures
  The ghost of jasper the Spear-Bearer, a novice DsFi of Yredelemnul (D:8)
  Pikel (D:8)
  A hornet (D:9)
  Prince Ribbit (D:6)
  A wyvern (D:8)
  6 yaks (D:8)
  Menkaure (D:7)
  A sky beast (D:7)
  A black bear (D:6)
  2 ice beasts
  3 orc warriors
  An ogre (D:5)
  A centaur (D:8)
  2 phantoms
  5 bullfrogs
  4 scorpions
  3 howler monkeys
  A crimson imp (D:4)
  5 hounds
  A gnoll bouda (D:7)
  6 orc priests
  4 sleepcaps
  6 iguanas
  7 orc wizards
  5 gnolls (D:7)
  9 adders
  A shadow imp (D:6)
  2 white imps (D:6)
  An ufetubus (D:5)
  A worm (D:4)
  4 dart slugs
  31 orcs
  4 ball pythons
  6 bats
  11 endoplasms
  14 giant cockroaches
  9 goblins
  8 hobgoblins
  3 jackals (D:4)
  3 quokkas
  2 frilled lizards
  2 goblin skeletons (D:4)
  A goblin zombie (D:8)
  3 hobgoblin zombies (D:4)
  A jackal zombie (D:8)
  3 kobolds
  3 kobold zombies (D:4)
  2 orc skeletons (D:4)
  7 rats
201 creatures vanquished.

Vanquished Creatures (others)
  30 plants
30 creatures vanquished.

Grand Total: 231 creatures vanquished

Notes
Turn   | Place    | Note
-------+----------+-------------------------------------------
     0 | D:1      | bande the Gargoyle Fighter began the quest for the Orb.
     0 | D:1      | Reached XP level 1. HP: 14/14 MP: 1/1
    47 | D:1      | Reached XP level 2. HP: 19/19 MP: 2/2
   325 | D:1      | Reached skill level 2 in Axes
   403 | D:1      | Reached XP level 3. HP: 23/23 MP: 3/3
   871 | D:2      | Found an ancient bone altar of Kikubaaqudgha.
   897 | D:2      | Found Cittaodi's Antique Weapon Shoppe.
  1026 | D:2      | Reached XP level 4. HP: 29/29 MP: 4/4
  1695 | D:3      | Reached skill level 3 in Axes
  1743 | D:3      | Found Soelass's Assorted Antiques.
  1748 | D:3      | Bought a pair of bloodstained boots for 171 gold pieces
  1748 | D:3      | Identified the +0 pair of boots of a wizard's laboratory
                  | {rC+} (You bought it in a shop on level 3 of the Dungeon)
  2076 | D:4      | Reached XP level 5. HP: 29/33 MP: 5/5
  2119 | D:4      | Found Guikk's Armour Shoppe.
  2233 | D:4      | Reached skill level 4 in Axes
  2233 | D:4      | Reached XP level 6. HP: 32/38 MP: 6/6
  2340 | D:4      | Found a radiant altar of Vehumet.
  2611 | D:4      | Reached XP level 7. HP: 20/44 MP: 7/7
  2896 | D:4      | Reached skill level 5 in Axes
  2900 | D:4      | Found a glowing golden altar of the Shining One.
  3112 | D:5      | Entered Level 5 of the Dungeon
  3366 | D:5      | Reached skill level 5 in Armour
  3615 | D:5      | Reached skill level 5 in Fighting
  3615 | D:5      | Found a glowing silver altar of Zin.
  3907 | D:5      | Reached skill level 6 in Axes
  3962 | D:5      | You fall into a shaft and drop 3 floors!
  4003 | D:8      | Noticed a yak
  4003 | D:8      | Noticed a yak
  4003 | D:8      | Noticed a yak
  4003 | D:8      | Noticed a yak
  4003 | D:8      | Noticed a yak
  4003 | D:8      | Noticed a yak
  4027 | D:8      | Killed a yak
  4028 | D:8      | Reached XP level 8. HP: 49/49 MP: 8/8
  4033 | D:8      | Killed a yak
  4044 | D:8      | Killed a yak
  4047 | D:8      | Killed a yak
  4048 | D:8      | Reached skill level 7 in Axes
  4056 | D:8      | Killed a yak
  4065 | D:8      | Killed a yak
  4066 | D:8      | Reached XP level 9. HP: 7/55 MP: 9/9
  4650 | D:7      | Learned a level 2 spell: Blink
  4657 | D:6      | Noticed Prince Ribbit
  4671 | D:6      | Reached skill level 5 in Shields
  4675 | D:6      | Killed Prince Ribbit
  4958 | D:6      | Reached skill level 8 in Axes
  5416 | D:6      | Found a staircase to the Ecumenical Temple.
  5439 | Temple   | Entered the Ecumenical Temple
  5637 | D:6      | Found an ancient bone altar of Kikubaaqudgha.
  5821 | D:6      | Found a burning altar of Makhleb.
  6508 | D:7      | Found a stormy altar of Qazlal.
  6556 | D:7      | Reached skill level 9 in Axes
  6810 | D:7      | HP: 1/57 [orc warrior/+2 war axe of venom (10)]
  6816 | D:7      | Reached XP level 10. HP: 39/63 MP: 10/10
  6846 | D:7      | Noticed Menkaure
  6852 | D:7      | Killed Menkaure
  7448 | D:8      | Noticed jasper's ghost (novice DsFi)
  7509 | D:8      | Noticed Pikel
  7521 | D:8      | Killed Pikel
  7542 | D:8      | Found a runed translucent door.
  7543 | D:8      | Found a basalt altar of Yredelemnul.
  7548 | D:8      | Found a runed translucent door.
  7839 | D:8      | Found a hazy altar of Hepliaklqana.
  7992 | D:8      | Reached skill level 10 in Axes
  8691 | D:8      | Killed jasper's ghost
  9029 | D:9      | Found a staircase to the Lair.
  9050 | D:9      | Slain by a komodo dragon

Illustrated notes

Levels and vault maps discovered:
D:1:      dpeg_arrival_leaves_temple_mockup, layout_basic, serial_bayou,
          serial_bayou_shore_b, serial_bayou_pond_b, serial_bayou_ford_a,
          serial_bayou_shore_a
D:2:      minmay_roachtagon, layout_rooms, basic_altar, serial_shops,
          nicolae_shop_statue_plus, minmay_tetromino_s2
D:3:      layout_basic, serial_shops, nicolae_shop_statue_plus
D:4:      layout_loops_cross, nicolae_tso_besieged_by_evil,
          mainiacjoe_overflow_cross_hatched, serial_shops, shop, st_stairs_1,
          chequers_arboretum
D:5:      layout_loops_corners, minmay_holes, minmay_ruined_shrine
D:6:      layout_layer_cave, nicolae_kikubaaqudgha_miasma_corner,
          kennysheep_mini, minmay_temple_entry_tees, nicolae_fountain_basement,
          uniq_prince_ribbit1
D:7:      layout_loops_ring, nicolae_overflow_crystal_walls,
          david_defended_altar_orc, uniq_menkaure
D:8:      layout_basic, worldfamousw_hep_ancestral_shrine,
          dk_yredelemnul_ordeal, hellmonk_ghost_happy_afterlife, uniq_pikel
D:9:      layout_gridville, lemuel_round_altar, david_lair_shrubbed,
          wad_floor_pattern_untrapped
Temple:   hellmonk_temple_forest_ring

Skill      XL: |  1  2  3  4  5  6  7  8  9 10 |
---------------+-------------------------------+-----
Axes           | 2 3 4 6 7 9 10 | 10.3
Armour         | 4 5 6 7 8 |  8.7
Fighting       | 4 5 6 7 |  7.8
Shields        | 4 5 6 |  6.1

Action                     |  1- 3 |  4- 6 |  7- 9 | 10-12 || total
---------------------------+-------+-------+-------+-------++-------
  Melee: War axe           |   109 |   166 |   327 |    95 ||   697
    Use: Scroll            |       |       |    18 |     4 ||    22
         Potion            |       |       |     5 |       ||     5
 Armour: Scale mail        |    58 |   122 |    28 |       ||   208
         Chain mail        |       |       |   125 |    39 ||   164
  Dodge: Dodged            |    51 |   103 |   113 |    25 ||   292
  Block: Buckler           |    22 |    37 |    75 |    27 ||   161

Table legend: (Time is in decaauts)
 A = Elapsed time spent in this place.
 B = Non-inter-level travel time spent in this place.
 C = Inter-level travel time spent in this place.
 D = Time resting spent in this place.
 E = Time spent auto-exploring this place.
 F = Levels seen in this place.
 G = Mean time per level.
                   A        B        C        D        E       F      G
               +--------+--------+--------+--------+--------+-----+--------+
         Total |   9253 |   9051 |    202 |   1405 |   5865 |  10 |  925.3 |
       Dungeon |   9094 |   8909 |    185 |   1405 |   5734 |   9 | 1010.4 |
        Temple |    158 |    141 |     17 |      0 |    131 |   1 |  158.0 |
               +--------+--------+--------+--------+--------+-----+--------+

Top non-repeatable levels by time:
     D:8: 2190 daAuts
     D:7: 1192 daAuts
     D:6: 1189 daAuts
     D:5: 1138 daAuts
     D:4: 1114 daAuts
     D:1: 932 daAuts
     D:3: 707 daAuts
     D:2: 511 daAuts
  Temple: 158 daAuts
     D:9: 117 daAuts
